 Dungeon Crawl Stone Soup version 0.30-a0-368-g86fb4627a9 (webtiles) character file.

Game seed: 12130252870405470198

141 Stossel the Shooter (level 5, -1/26 HPs)
             Began as a Spriggan Hunter on Nov 18, 2022.
             Killed from afar by an electric eel (12 damage)
             ... with a bolt of electricity
             ... on level 3 of the Dungeon.
             The game lasted 00:05:39 (2262 turns).

Stossel the Shooter (Spriggan Hunter)               Turns: 2262, Time: 00:05:39

Health: -1/26      AC:  2    Str:  7    XL:     5   Next: 3%
Magic:  6/6        EV: 20    Int: 10    God:
Gold:   102        SH:  0    Dex: 21    Spells: 4/4 levels left

rFire   . . .      SeeInvis +    a - +0 shortbow
rCold   . . .      Faith    .    (shield currently unavailable)
rNeg    . . .      Spirit   .    c - +0 robe
rPois   .          Reflect  .    (helmet restricted)
rElec   .          Harm     .    (no cloak)
rCorr   .          Rampage  .    (gloves unavailable)
Will    .....                    (boots unavailable)
Stlth   +++.......               (no amulet)
HPRegen 0.24/turn                (no ring)
MPRegen 0.10/turn                (no ring)

@: very quick
A: very small, no large weapons, unfitting armour, see invisible, speed 3
a: no special abilities


You were on level 3 of the Dungeon.
You visited 1 branch of the dungeon, and saw 3 of its levels.

You collected 102 gold pieces.

Inventory:

Hand Weapons
 a - a +0 shortbow (weapon)
Armour
 c - a +0 robe (worn)
Jewellery
 i - a +6 ring of intelligence
Wands
 e - a wand of flame (15)
Scrolls
 b - a scroll of immolation
 d - a scroll of butterflies {unknown}
 f - a scroll of noise {unknown}
 g - a scroll of identify {unknown}
 h - 3 scrolls of teleportation {unknown}
Potions
 j - a potion of lignification {unknown}


   Skills:
 - Level 2.0 Fighting
 + Level 4.8 Ranged Weapons
 + Level 4.4 Dodging
 + Level 4.4 Stealth


You had 4 spell levels left.
You didn't know any spells.
Your spell library contained the following spells:

 Spells                   Type           Power      Damage    Failure   Level
 Freezing Cloud           Conj/Ice/Air   0%         6-21      100%        5
 Irradiate                Conj/Tmut      0%         3d11      100%        5
 Fire Storm               Conj/Fire      0%         5d1       100%        9


Dungeon Overview and Level Annotations

Branches:
Dungeon (3/15)

Altars:
The Shining One

Annotations:
D:3 1 transporter, Ijyb


Innate Abilities, Weirdness & Mutations

You are very small and have problems with some larger weapons.
You are too small for most types of armour.
You have supernaturally acute eyesight. (SInv)
You cover ground extremely quickly. (Speed+++)


Message History

The orc is severely wounded.
Fire: a) +0 shortbow
Press: ? - help, Q - select action Shift-Dir - straight line, f/p - orc
Aim: an orc, wielding a +0 dagger (severely wounded, 65% to hit)
You shoot an arrow. The arrow hits the orc!
You kill the orc!
Fire: a) +0 shortbow
Press: ? - help, Q - select action Shift-Dir - straight line, f - you
Okay, then.
Found a stone staircase leading down.
Things that are here:
a +0 dagger; a +0 hand axe
Things that are here:
a +0 hand axe; an orc corpse You see here a +3 hand axe.
Found a hand axe.
Found a stone staircase leading down.
h - 3 scrolls labelled GUSIVV CAGUOR (gained 1)
There is a stone staircase leading down here.
Found a transporter.
Found a battleaxe.
Found a transporter.
There is a transporter here.
You enter the transporter and appear at another place.
e - a wand of flame (15)
There are no items here.
You open the door.
The electric eel shoots out a bolt of lightning at you!
The bolt of electricity misses you.
The bolt of electricity hits the plant!
The plant begins to die.
The bolt of electricity hits the plant!
Fire: a) +0 shortbow
Press: ? - help, Q - select action, (/) - cycle Shift-Dir - straight line, f - electric eel
Aim: an electric eel (50% to hit)
You shoot an arrow.
The arrow completely misses the electric eel.
The electric eel shoots out a bolt of lightning at you!
The bolt of electricity hits you!
Ouch! That really hurt!
The bolt of electricity hits you!
You die...

.# #...##.# #.# #####.
.###...##.######.####
#####.
....................
......
.#.#...##.######..##
###... .......####
####...#### #.#.
..#...... #....©....#
#.#. .......###
#.#######.# # #.
.#..####### #.#8.©.8#.#
#. .#....w...#
#.#P@..P#.# # #.
.##.#####.#.#.###'###.#
#.#.
###.#####.#.#.#S...S#.#
#. #.#.
.....g......#.#~...S#.#
#.# #...
###.#####g###.#~...~#.#
#.# ###. #.# #.#
#.#~.♣.~#.# #.######.
#.# #.# #.#~...~#.#
#.#...... #.# #.#
#.#~...~#.# #.#...##.
#.# #.# #.#~...~#.#
#.#...##.


You could see 3 electric eels.

Vanquished Creatures
  A hound (D:3)
  4 gnolls (D:2)
  An adder (D:2)
  2 worms (D:2)
  2 dart slugs
  3 orcs (D:3)
  5 ball pythons
  3 endoplasms (D:3)
  A giant cockroach (D:3)
  6 goblins
  2 hobgoblins (D:2)
  3 jackals (D:3)
  2 quokkas (D:1)
  4 frilled lizards
  6 kobolds
  5 rats
50 creatures vanquished.

Notes
Turn   | Place    | Note
-------+----------+-------------------------------------------
     0 | D:1      | Stossel the Spriggan Hunter began the quest for the Orb.
     0 | D:1      | Reached XP level 1. HP: 10/10 MP: 2/2
   255 | D:1      | Got the Quarto of Chilling Blows and Bruises
   325 | D:1      | Reached XP level 2. HP: 15/15 MP: 3/3
   819 | D:2      | Reached XP level 3. HP: 18/18 MP: 4/4
   974 | D:2      | Reached XP level 4. HP: 23/23 MP: 5/5
  1304 | D:2      | Found a glowing golden altar of the Shining One.
  1527 | D:3      | Noticed Ijyb
  2182 | D:3      | Reached XP level 5. HP: 26/26 MP: 6/6
  2231 | D:3      | Found a transporter.
  2246 | D:3      | Found a transporter.
  2262 | D:3      | Killed from afar by an electric eel

Illustrated notes

Levels and vault maps discovered:
D:1:      arrival_zaba_pyramid, layout_rooms, palyth_stone_intersect
D:2:      layout_basic, basic_altar
D:3:      gammafunk_steamed_eel, layout_basic, uniq_ijyb

Skill      XL: |  1  2  3  4 |
---------------+-------------+-----
Stealth        | 2 3 4 |  4.4
Dodging        | 3 4 |  4.4
Fighting       | 2 |  2.0
Ranged Weapons | |  4.8

Action                   |  1- 3 |  4- 6 || total
-------------------------+-------+-------++-------
 Fire: Shortbow          |    93 |    65 ||   158
  Use: Potion            |       |     2 ||     2
Dodge: Dodged            |     4 |    15 ||    19

Table legend: (Time is in decaauts)
 A = Elapsed time spent in this place.
 B = Non-inter-level travel time spent in this place.
 C = Inter-level travel time spent in this place.
 D = Time resting spent in this place.
 E = Time spent auto-exploring this place.
 F = Levels seen in this place.
 G = Mean time per level.
                   A        B        C        D        E       F      G
               +--------+--------+--------+--------+--------+-----+--------+
         Total |   1520 |   1492 |     28 |     95 |    969 |   3 |  506.7 |
       Dungeon |   1520 |   1492 |     28 |     95 |    969 |   3 |  506.7 |
               +--------+--------+--------+--------+--------+-----+--------+

Top non-repeatable levels by time:
     D:2: 666 daAuts
     D:1: 441 daAuts
     D:3: 412 daAuts
